 Dungeon Crawl Stone Soup version 0.21.1-1-g345015f (webtiles) character file.

359408 shakethe the Brawler (level 21, -1/212 HPs)
             Began as a Troll Monk on Feb 10, 2018.
             Was the Champion of Okawaru.
             Slain by a spriggan berserker
             ... wielding a +7 spear of piercing
              (7 damage)
             ... on level 2 of the Depths.
             The game lasted 04:58:06 (54387 turns).

shakethe the Brawler (Troll Monk)                  Turns: 54387, Time: 04:58:06

Health: -1/212     AC: 18    Str: 20    XL:     21   Next: 45%
Magic:  25/27      EV: 18    Int:  7    God:    Okawaru [******]
Gold:   2562       SH: 35    Dex: 25    Spells: 15/26 levels left

rFire    + + .     SeeInvis .     - Unarmed
rCold    + + +     Gourm    +   G - +10 large shield of Ignorance {rN+ Int-4}
rNeg     + . .     Faith    .   O - +0 ice dragon scales
rPois    .         Spirit   .   V - +0 hat "Ligaud" {rElec rF+ Dex+6}
rElec    +         Reflect  +   T - scarf {rC+ rF+}
rCorr    .         Harm     .   (gloves unavailable)
MR       ++++.     Clarity  +   (boots unavailable)
Stlth    +.........             s - +4 amulet of reflection
HPRegen  0.85/turn              y - ring of the Mage {Wiz MR++ Int+3}
MPRegen  0.20/turn              u - ring "Xetoikh" {+Fly rF+ rC+ MR+ Str-5}

@: flayed, hasted, very quick
A: large, unfitting armour, claws 3, rugged brown scales 1, clarity, clever 1,
fast metabolism 3, gourmand, regeneration 1, shaggy fur 1, tough skin 2
}: 2/15 runes: decaying, gossamer
a: Heroism, Finesse, Renounce Religion, Evoke Flight


You were on level 2 of the Depths.
You worshipped Okawaru.
Okawaru was exalted by your worship.
You were full.

You visited 9 branches of the dungeon, and saw 41 of its levels.
You also visited: Labyrinth, Ossuary and Volcano.

You collected 5932 gold pieces.
You spent 3370 gold pieces at shops.

Inventory:

Hand Weapons
 H - a +9 demon trident of electrocution
   (You found it on level 10 of the Dungeon)
Missiles
 M - 57 large rocks (quivered) {!d}
 U - 5 throwing nets {=f, !d}
Armour
 a - the +0 mask of the Dragon {MR+ Slay+3 SInv}
   (You found it on level 3 of the Elven Halls)

   It affects your accuracy and damage with ranged weapons and melee attacks
   (+3).
   It affects your resistance to hostile enchantments.
   It lets you see invisible.
 h - +3 fire dragon scales
   (You found it on level 4 of the Swamp)
 G - the +10 large shield of Ignorance (worn) {rN+ Int-4}
   (You acquired it on level 2 of the Lair of Beasts)

   It affects your intelligence (-4).
   It protects you from negative energy.
 N - a scarf of repulsion
   (You acquired it on level 12 of the Dungeon)
 O - +0 ice dragon scales (worn)
   (You found it on level 1 of the Depths)
 T - a scarf of resistance (worn)
   (Okawaru gifted it to you on level 1 of the Vaults)
 V - the +0 hat "Ligaud" (worn) {rElec rF+ Dex+6}
   (Okawaru gifted it to you on level 14 of the Dungeon)

   It affects your dexterity (+6).
   It protects you from fire.
   It insulates you from electricity.
Magical Staves
 L - an uncursed staff of summoning {!a}
   (You took it off a vampire mage on level 1 of the Depths)
Jewellery
 d - an uncursed ring of poison resistance {rPois, !d}
   (You bought it in a shop on level 7 of the Dungeon)
 g - an uncursed ring of protection from fire {rF+, !d}
   (You found it on level 2 of the Dungeon)
 s - a +4 amulet of reflection (around neck)
   (You found it on level 4 of the Lair of Beasts)
 u - the ring "Xetoikh" (right claw) {+Fly rF+ rC+ MR+ Str-5}
   (You bought it in a shop on level 2 of the Vaults)

   [ring of flight]

   It affects your strength (-5).
   It protects you from fire.
   It protects you from cold.
   It affects your resistance to hostile enchantments.
   It lets you fly.
 y - the ring of the Mage (left claw) {Wiz MR++ Int+3}
   (You found it on level 1 of the Vaults)

   [ring of wizardry]

   It improves your spell success rate.
   It affects your intelligence (+3).
   It affects your resistance to hostile enchantments.
 C - an uncursed ring of protection from magic {MR+, !d}
   (You found it on level 9 of the Dungeon)
 E - a ring of the Octopus King {MP+9 AC+1 EV+1 Str+1 Int+1 Dex+1}
   (You found it on level 3 of the Elven Halls)

   [ring of magical power]

   It affects your AC (+1).
   It affects your evasion (+1).
   It affects your strength (+1).
   It affects your intelligence (+1).
   It affects your dexterity (+1).
   It affects your magic capacity (+9).
 J - an uncursed ring of resist corrosion
   (You found it on level 8 of the Dungeon)
 R - an uncursed ring of flight {+Fly, !d}
   (You found it on level 11 of the Dungeon)
 W - the amulet of Adueri {RegenMP Dex+2, unknown}
   (You took it off a vampire mage on level 1 of the Depths)

   [amulet of magic regeneration]

   It increases your magic regeneration.
   It affects your dexterity (+2).
 Y - a +5 ring of protection
   (You took it off a deep elf demonologist on level 3 of the Elven Halls)
Wands
 v - a wand of paralysis (51)
   (You found it on level 10 of the Dungeon)
 P - a wand of polymorph (27)
   (You found it on level 12 of the Dungeon)
 X - a wand of iceblast (5)
   (You found it on level 2 of the Depths)
Scrolls
 c - 12 scrolls of immolation {!r}
 f - 5 scrolls of blinking {!r}
 j - 22 scrolls of remove curse
 l - 15 scrolls of teleportation
 n - 9 scrolls of fog
 p - 7 scrolls of identify
 r - 2 scrolls of fear
 A - 4 scrolls of holy word {!r}
 I - 2 scrolls of magic mapping {!r}
 K - 3 scrolls of amnesia
 Q - 3 scrolls of summoning
 S - 2 scrolls of torment {!r}
 Z - 2 scrolls of vulnerability {!r!r}
Potions
 e - 5 potions of cancellation
 i - 3 potions of resistance
 m - 30 potions of curing
 o - 4 potions of mutation {!q}
 q - 3 potions of flight
 t - 4 potions of brilliance
 w - 4 potions of agility
 x - 2 potions of might
 z - 4 potions of haste
 B - 2 potions of berserk rage {!q}
 D - 3 potions of invisibility
 F - 2 potions of magic
Miscellaneous
 k - a fan of gales
   (You found it on level 1 of the Lair of Beasts)
Comestibles
 b - 55 rations


   Skills:
 + Level 12.0 Fighting
 - Level 1.0 Throwing
 + Level 12.3 Armour
 + Level 12.8 Dodging
 - Level 1.0 Stealth
 - Level 15.0 Shields
 + Level 18.8 Unarmed Combat
 + Level 3.0 Spellcasting
 + Level 6.3 Translocations
 + Level 6.1 Transmutations
 - Level 10.6 Invocations
 - Level 3.0 Evocations


You had 15 spell levels left.
You knew the following spells:

 Your Spells              Type           Power        Failure   Level  Hunger
a - Beastly Appendage     Tmut           #.....       2%          1    ##.....
b - Controlled Blink      Tloc           N/A          100%        8    #######
c - Blink                 Tloc           N/A          4%          2    ###....


Dungeon Overview and Level Annotations

Branches:
Dungeon (15/15)            Temple (1/1) D:5            Lair (6/6) D:9
  Swamp (4/4) Lair:2       Spider (4/4) Lair:3        Slime (0/5) Lair:6
    Orc (2/2) D:12            Elf (3/3) Orc:2        Vaults (4/5) D:14
  Crypt (0/3) Vaults:2     Depths (2/5) D:15

Altars:
Cheibriados
Elyvilon
Gozag
Hepliaklqana
Kikubaaqudgha
Makhleb
Nemelex Xobeh
Okawaru
Qazlal
Ru
Sif Muna
Trog
Wu Jian
Xom
Yredelemnul
Zin
Jiyva

Shops:
D:5 *   D:7 *   D:14 !*:[   Orc:2 *[**   Elf:1 :   Vaults:1 (   Vaults:2 }=}
Vaults:3 *[?*   Depths:2 }=}

Portals:
Hell: Depths:1 Depths:2
Ziggurat: Depths:2

Annotations:
Depths:2 3 runed doors


Innate Abilities, Weirdness & Mutations

You are too large for most types of armour.
You have claws for hands.
Your metabolism is lightning-fast.
You like to eat raw meat.
Your natural rate of healing is unusually fast.
You are covered in fur. (AC +1)
You have very tough skin. (AC +2)
You are partially covered in rugged brown scales. (AC +1, +3% HP)
You possess an exceptional clarity of mind.
Your mind is acute. (Int +2)


Message History

The wind drake hisses angrily.
The floating eye turns its gaze towards you.
The stone giant shouts!
You hear a distant "Zot"!
X - a wand of iceblast (5)
The spriggan berserker shouts!
You open the gate.
The frost giant shouts!
The floating eye's stare focuses on you.
You block the spriggan berserker's attack.
The wind drake flaps its wings at you. The air twists around and strikes you!
The stone giant throws a large rock.
You reflect the large rock off an invisible shield around you!
The large rock hits the stone giant.
The floating eye gazes piercingly through you!
You suddenly lose the ability to move!
The wind drake flaps its wings at you. The air twists around and strikes you!
The stone giant throws a large rock.
The large rock hits you!!
The spriggan berserker hits you from afar with a spear of piercing!
The floating eye seems to glare at you. The water elemental hits you.
The spriggan berserker hits you from afar with a spear of piercing!!
You can move again.
You see here a large rock {!d}.
You take 91 damage, and have 121/212 hp.
MASSIVE DAMAGE!!
Okay, then.
Here: a spriggan berserker, wielding a spear of piercing and wearing an animal skin The floor.
The floating eye gazes piercingly through you!
You shrug off the repeated paralysis!
The floating eye's stare focuses on you.
The spriggan berserker mumbles some strange prayers to Trog.
The elephant goes berserk!
You block the spark wasp's attack.
The wind drake changes into a polar bear!
The floating eye gazes piercingly through you!
You suddenly lose the ability to move!
The spriggan berserker utters an invocation to Trog.
The elephant goes berserk!
The spark wasp stings you! The spark wasp shocks you. You resist.
The spark wasp stings you!! The spark wasp shocks you. You resist.
The spark wasp stings you but does no damage.
The water elemental hits you.
The water elemental engulfs you in water!
The spriggan berserker invokes Trog's protection!
Your lungs strain for air!
The spark wasp stings you but does no damage.
The water elemental hits you.
The elephant rages.
The floating eye's stare focuses on you.
The spark wasp stings you. The spark wasp shocks you. You resist.
The spriggan berserker prays to Trog.
The spriggan berserker goes berserk!
You can move again.
There is a large open door, spattered with blood here.
You take 59 damage, and have 67/212 hp.
MASSIVE DAMAGE!!
You feel yourself speed up.
* * * LOW HITPOINT WARNING * * *
Your lungs strain for air!
The elephant rages.
You block the spark wasp's attack. The water elemental barely misses you.
You take 5 damage, and have 62/212 hp.
With effort, you pull free of the water engulfing you.
You gasp with relief as air once again reaches your lungs.
The polar bear changes into a black bear!
You block the spark wasp's attack.
The flayed ghost cries, "Feel what I felt!"
Terrible wounds open up all over your body!
* * * LOW HITPOINT WARNING * * *
You take 22 damage, and have 40/212 hp.
Okay, then.
There are monsters nearby!
Okay, then.
As you read the scroll of fear, it crumbles to dust.
You assume a fearsome visage.
The flayed ghost is unaffected.
The spark wasp resists with some effort.
The elephant resists with almost no effort.
The floating eye looks frightened!
The stone giant looks frightened!
The black bear looks frightened!
The spriggan berserker resists with almost no effort.
The frost giant resists with almost no effort.
The water elemental is unaffected.
You block the spark wasp's attack.
The stone giant tries to recover its lost courage.
The flayed ghost cries, "Feel what I felt!"
Terrible wounds spread across more of your body!
* * * LOW HITPOINT WARNING * * *
The spriggan berserker rages.
You take 14 damage, and have 26/212 hp.
Okay, then.
Okay, then.
You blink.
You block the elephant's attack. x2
The spriggan berserker hits you with a spear of piercing!!
* * * LOW HITPOINT WARNING * * *
You die...

##≈≈####....../......># ##..##
≈≈≈≈≈≈≈#############..# #....#
......≈≈≈#≈≈≈≈≈≈≈≈≈#..###..###
..}=....(#.....≈≈≈≈#.......#
.[%$)..=.'......≈≈≈##...<#.#
.[)}[....'.......≈≈≈#......#
.(?(.....'.(...h..≈≈#.#.####
..|).....#.........≈#.#.#
≈≈≈≈≈≈...#...C.W@iC≈#...#
≈≈≈≈≈≈≈≈≈#.....XYE.G#..##
#################y'###..#
≈≈≈≈≈≈≈≈≈≈≈≈≈≈≈≈≈..Y.##[#
...(...............§..#)#
...............(..(.)[')#
......................'.#
≈≈≈≈≈≈≈≈..............'.#
≈≈≈≈≈≈≈≈≈≈≈≈≈≈........###


You could see a tentacled monstrosity, a frost giant, a stone giant (fleeing), 2
elephants, a spark wasp, a flayed ghost, a spriggan berserker (berserk), a water
elemental, a black bear shaped shifter (fleeing) and a floating eye (fleeing).

Vanquished Creatures
  Nikola (Spider:1)
  2 tentacled monstrosities
  2 deep elf blademasters
  2 tengu reavers
  Kirke (D:14)
  Donald (Vaults:3)
  4 fire giants
  5 deep elf sorcerers
  3 ghost moths
  7 emperor scorpions
  A large abomination (Elf:3)
  5 vault wardens
  A war gargoyle (Vaults:1)
  9 ironheart preservers
  A very ugly thing (Depths:2)
  8 deep elf elementalists
  8 stone giants
  3 entropy weavers (Spider:3)
  A vampire knight (Depths:1)
  5 deep elf annihilators
  5 deep elf demonologists (Elf:3)
  A spark wasp (Spider:4)
  A merfolk javelineer (Depths:1)
  2 deep elf death magi
  A mummy priest (Depths:1)
  13 ogre magi
  3 deep elf high priests (Elf:3)
  A minotaur (Lab)
  Harold (Lair:1)
  8 fire dragons
  3 yaktaur captains
  Josephine (D:14)
  6 great orbs of eyes
  A merfolk impaler (Depths:1)
  11 vault guards
  3 ice dragons
  2 spriggan air magi (Depths:2)
  3 rakshasas
  28 hydras
  A ghost crab (Swamp:3)
  3 death knights
  2 centaur warriors
  Erica (D:8)
  23 dancing weapons
  39 two-headed ogres
  3 tengu warriors
  4 vampire magi (Depths:1)
  11 alligators
  A spriggan berserker (Depths:2)
  7 deep troll earth magi
  A hell hog (Volcano)
  2 orc high priests (Depths:1)
  3 death yaks (Lair:6)
  2 deep troll shamans
  24 deep elf knights
  Nergalle (Lair:3)
  A fire crab (Swamp:4)
  2 shadow wraiths
  An iron troll (D:15)
  3 unseen horrors
  A glowing orange brain (shapeshifter) (Vaults:1)
  2 glowing orange brains
  6 skeletal warriors (Vaults:1)
  11 deep trolls
  A spriggan druid (Swamp:3)
  8 deep elf archers
  A flayed ghost (Vaults:2)
  An orange crystal statue (Spider:3)
  5 wizards
  5 swamp dragons
  2 lindwurms (Swamp:4)
  The ghost of adept the Chopper, a novice DDFi (D:6)
  6 ironbrand convokers
  A phantasmal warrior (Vaults:2)
  A shambling mangrove (Swamp:4)
  9 orc knights
  14 orb spiders
  3 necromancers
  An orb spider (shapeshifter) (Vaults:2)
  A wolf spider zombie (D:15)
  3 manticores
  A tengu skeleton (Vaults:3)
  19 ugly things
  30 wolf spiders
  2 orc sorcerers
  64 deep elf magi
  3 salamanders
  5 cyclopes
  2 centaur zombies
  A fire giant skeleton (Vaults:3)
  Maurice (D:8)
  Psyche (D:8)
  A moth of wrath (Spider:4)
  4 black mambas
  23 elephants
  7 vault sentinels
  A spiny frog (shapeshifter) (D:15)
  13 spiny frogs
  2 gargoyles
  2 torpor snails
  3 centaur skeletons
  An efreet (D:10)
  4 kobold demonologists
  7 freezing wraiths
  6 komodo dragons
  2 komodo dragons (shapeshifter)
  16 yaktaurs
  A redback zombie (D:13)
  5 rime drakes
  A tengu conjurer (Depths:1)
  6 demonic crawlers
  11 trolls
  A meliai (shapeshifter) (D:15)
  A red devil (Volcano)
  5 tyrant leeches
  A yaktaur skeleton (Vaults:3)
  A queen bee (Lair:2)
  A merfolk (D:15)
  3 meliai (D:15)
  26 jumping spiders
  Prince Ribbit (D:8)
  3 polar bears (Lair:6)
  21 hornets
  17 hippogriffs
  33 slime creatures
  4 bog bodies
  A blink frog (shapeshifter) (Elf:1)
  An ettin zombie (Vaults:3)
  8 dream sheep (Lair:6)
  28 blink frogs
  A stone giant simulacrum (Vaults:2)
  19 spriggans
  A fire giant simulacrum (Vaults:1)
  30 yaks
  51 redbacks
  A human (D:8)
  6 wraiths
  2 shadows
  11 water elementals
  9 wyverns
  5 basilisks
  A vampire (D:12)
  19 tarantellas
  Eustachio (D:4)
  2 fire bats (Swamp:4)
  3 fire elementals
  A hog (shapeshifter) (Vaults:2)
  A human simulacrum (Vaults:3)
  3 hogs (D:8)
  17 vampire mosquitoes
  8 steam dragons
  13 insubstantial wisps
  2 wargs
  Grum (D:8)
  3 hungry ghosts
  Menkaure (D:5)
  16 swamp worms
  An acid dragon (Vaults:1)
  2 hell hounds (Volcano)
  8 water moccasins
  8 porcupines
  A black bear (shapeshifter) (Elf:1)
  A hornet zombie (D:11)
  11 swamp drakes
  22 orc warriors
  8 sky beasts
  5 ice beasts
  3 black bears (Lair:6)
  An eye of draining (shapeshifter) (Vaults:2)
  2 necrophages
  A tengu (shapeshifter) (Elf:2)
  42 ogres
  6 boggarts
  6 phantoms
  27 wolves
  13 centaurs
  14 crocodiles
  3 elf zombies (Elf:1)
  3 big kobolds
  An earth elemental (Elf:2)
  10 bullfrogs
  A wyvern zombie (D:6)
  2 wyvern skeletons
  4 scorpions
  A water moccasin skeleton (D:6)
  42 killer bees
  A troll zombie (D:12)
  5 wights
  An electric eel (Spider:1)
  12 howler monkeys
  9 crimson imps
  4 jellies
  A bullfrog zombie (D:11)
  9 hounds
  2 bullfrog skeletons
  14 orc priests
  2 iguanas (D:11)
  14 worker ants
  17 orc wizards
  2 hell rats (Lair:3)
  5 ogre zombies (D:12)
  2 mummies (Ossuary)
  2 hound skeletons
  8 gnolls
  20 adders
  2 howler monkey skeletons
  6 river rats (Lair:3)
  3 shadow imps
  2 oozes
  2 adder zombies
  4 adder skeletons
  3 worms
  4 dart slugs
  3 leopard geckos
  86 orcs
  A ball python (D:2)
  A giant cockroach (D:2)
  7 goblins
  7 hobgoblins
  17 jackals
  23 kobolds
  7 quokkas
  A ball python skeleton (D:4)
  10 bats
  5 frilled lizards
  A gnoll zombie (Ossuary)
  8 goblin zombies
  A hobgoblin skeleton (D:12)
  A jackal skeleton (D:4)
  4 kobold zombies (Ossuary)
  A leopard gecko skeleton (D:6)
  2 orc skeletons (D:12)
  13 orc zombies
  13 rats
  A crawling corpse (Elf:3)
  A fungus (Elf:3)
1630 creatures vanquished.

Vanquished Creatures (others)
  2 deep elf master archers (Elf:3)
  A fire giant (Vaults:3)
  A stone giant (Vaults:4)
  3 yaktaur captains
  A deep elf high priest (Elf:3)
  An alligator (Swamp:3)
  3 centaur warriors
  A two-headed ogre (Volcano)
  An unseen horror (D:14)
  4 deep elf archers
  A deep elf mage (Elf:3)
  A cyclops (Vaults:2)
  8 yaktaurs
  A jumping spider (Spider:1)
  3 blink frogs
  2 humans (D:14)
  2 steam dragons (Swamp:4)
  3 swamp drakes (Swamp:4)
  A bullfrog (D:14)
  An orc wizard (D:12)
  An orc (Vaults:3)
  A kobold (D:10)
  24 fungi
  15 plants
82 creatures vanquished.

Grand Total: 1712 creatures vanquished

Notes
Turn   | Place    | Note
-------+----------+-------------------------------------------
     0 | D:1      | shakethe the Troll Monk began the quest for the Orb.
     0 | D:1      | Reached XP level 1. HP: 22/22 MP: 0/0
   181 | D:1      | Reached XP level 2. HP: 28/29 MP: 1/1
   315 | D:1      | Reached skill level 4 in Unarmed Combat
   412 | D:1      | Reached XP level 3. HP: 33/36 MP: 2/2
   858 | D:2      | Found an ornate altar of the Wu Jian Council.
  1359 | D:2      | Reached XP level 4. HP: 44/44 MP: 3/3
  1492 | D:2      | Reached skill level 5 in Unarmed Combat
  1958 | D:3      | Noticed a hippogriff
  1988 | D:3      | HP: 11/44 [hippogriff (2)]
  2075 | D:2      | HP: 11/44 [hippogriff (3)]
  2109 | D:2      | Killed a hippogriff
  2109 | D:2      | Reached skill level 6 in Unarmed Combat
  2109 | D:2      | Reached XP level 5. HP: 24/50 MP: 4/4
  2188 | D:3      | Reached XP level 6. HP: 59/59 MP: 5/5
  2201 | D:3      | Reached skill level 7 in Unarmed Combat
  3106 | D:4      | Noticed Eustachio
  3196 | D:4      | Killed Eustachio
  3196 | D:4      | Reached skill level 8 in Unarmed Combat
  3196 | D:4      | Reached XP level 7. HP: 63/66 MP: 6/6
  3401 | D:4      | Reached skill level 9 in Unarmed Combat
  3898 | D:5      | Entered Level 5 of the Dungeon
  4072 | D:5      | Found a bloodstained altar of Trog.
  4079 | D:5      | Reached XP level 8. HP: 74/74 MP: 7/7
  4132 | D:5      | Found Viawkib's General Store.
  4213 | D:5      | Reached skill level 3 in Dodging
  4223 | D:5      | Noticed Menkaure
  4233 | D:5      | Killed Menkaure
  4233 | D:5      | Reached skill level 10 in Unarmed Combat
  4292 | D:5      | Noticed a two-headed ogre
  4529 | D:6      | Noticed adept's ghost (novice DDFi)
  5002 | D:6      | Got a dazzling hand axe
  5017 | D:6      | Killed adept's ghost
  5017 | D:6      | Reached skill level 11 in Unarmed Combat
  5017 | D:6      | Reached XP level 9. HP: 36/80 MP: 8/8
  5137 | D:6      | Reached skill level 4 in Dodging
  5563 | D:7      | Reached skill level 3 in Fighting
  5637 | D:7      | Reached skill level 12 in Unarmed Combat
  5788 | D:7      | Found Plog's Serpentskin Sales.
  5813 | D:7      | Found a sand-covered staircase.
  5821 | Ossuary  | Entered an ossuary
  6101 | Ossuary  | Gained mutation: Your spells are a little easier to cast, but a little less powerful. [potion of mutation]
  6101 | Ossuary  | Gained mutation: You are weak. (Str -2) [potion of mutation]
  6101 | Ossuary  | Gained mutation: You are partially covered in iridescent scales. (AC +2) [potion of mutation]
  6102 | Ossuary  | Lost mutation: Your spells are a little easier to cast, but a little less powerful. [potion of mutation]
  6102 | Ossuary  | Lost mutation: You are weak. (Str -2) [potion of mutation]
  6102 | Ossuary  | Gained mutation: You passively map a small area around you. [potion of mutation]
  6102 | Ossuary  | Gained mutation: You have a somewhat thin skeletal structure. (Dex +2, Stealth) [potion of mutation]
  6102 | Ossuary  | Gained mutation: Your spells are a little harder to cast, but a little more powerful. [potion of mutation]
  6148 | D:7      | Bought an uncursed ring of poison resistance for 240 gold pieces
  6325 | D:7      | Found a hazy altar of Hepliaklqana.
  6432 | D:7      | Found a sacrificial altar of Ru.
  6450 | D:7      | Found a deep blue altar of Sif Muna.
  6919 | D:7      | Found an opulent altar of Gozag.
  6930 | D:7      | Found a stormy altar of Qazlal.
  7030 | D:7      | Found an iron altar of Okawaru.
  7038 | D:7      | Became a worshipper of Warmaster Okawaru
  7038 | D:7      | Reached * piety under Okawaru
  7038 | D:7      | Reached ** piety under Okawaru
  7116 | D:8      | Found a shimmering altar of Xom.
  7116 | D:8      | Noticed Prince Ribbit
  7119 | D:8      | Killed Prince Ribbit
  7119 | D:8      | Reached skill level 5 in Dodging
  7132 | D:8      | Reached skill level 13 in Unarmed Combat
  7132 | D:8      | Reached XP level 10. HP: 91/91 MP: 9/9
  7156 | D:8      | Noticed an angel
  7158 | D:8      | Learned a level 1 spell: Beastly Appendage
  7210 | D:8      | Noticed Grum
  7350 | D:8      | Noticed Erica
  7371 | D:8      | Killed Erica
  7371 | D:8      | Reached *** piety under Okawaru
  7445 | D:8      | Killed Grum
  7504 | D:8      | Noticed Maurice
  7511 | D:8      | Killed Maurice
  7511 | D:8      | Received a gift from Okawaru
  7559 | D:8      | Reached skill level 14 in Unarmed Combat
  7793 | D:8      | Noticed Psyche
  7803 | D:8      | Killed Psyche
  7803 | D:8      | Reached skill level 6 in Dodging
  7817 | D:8      | Found a sparkling altar of Nemelex Xobeh.
  7908 | D:8      | Found a glowing silver altar of Zin.
  7922 | D:8      | Found a white marble altar of Elyvilon.
  8131 | D:8      | Reached **** piety under Okawaru
  8389 | D:5      | Bought a potion of might for 44 gold pieces
  8389 | D:5      | Bought a scroll of magic mapping for 38 gold pieces
  8505 | D:5      | Killed a two-headed ogre
  8505 | D:5      | Reached XP level 11. HP: 98/98 MP: 10/10
  8594 | D:5      | Found a staircase to the Ecumenical Temple.
  8601 | Temple   | Entered the Ecumenical Temple
  8831 | D:9      | Reached skill level 1 in Throwing
  9038 | D:9      | Found a staircase to the Lair.
  9209 | D:9      | Reached skill level 4 in Fighting
  9607 | D:10     | Entered Level 10 of the Dungeon
  9618 | D:10     | Reached ***** piety under Okawaru
  9765 | D:10     | Reached skill level 15 in Unarmed Combat
 10082 | D:10     | Noticed a two-headed ogre
 10086 | D:10     | Killed a two-headed ogre
 10086 | D:10     | Received a gift from Okawaru
 10087 | D:10     | Got a slimy robe {god gift}
 10100 | D:10     | Identified the +1 robe of Ycuy {Str+4} (Okawaru gifted it to you on level 10 of the Dungeon)
 10180 | D:10     | Reached skill level 7 in Dodging
 10404 | D:10     | Reached skill level 1 in Invocations
 10567 | D:11     | Reached skill level 5 in Fighting
 10631 | D:11     | Reached skill level 2 in Invocations
 10884 | D:11     | Noticed a two-headed ogre
 10892 | D:11     | Killed a two-headed ogre
 10893 | D:11     | Found an iron altar of Okawaru.
 11056 | D:11     | Noticed a white ugly thing
 11064 | D:11     | Killed a white ugly thing
 11235 | D:11     | Reached skill level 3 in Invocations
 11259 | D:11     | Noticed a green ugly thing
 11266 | D:11     | Noticed a six-headed hydra
 11362 | D:10     | Killed a green ugly thing
 11362 | D:10     | Reached XP level 12. HP: 84/113 MP: 10/13
 11488 | D:9      | Found a staircase to the Lair.
 11505 | Lair:1   | Entered Level 1 of the Lair of Beasts
 11514 | Lair:1   | Noticed Harold
 11542 | Lair:1   | Killed Harold
 11728 | Lair:1   | Reached skill level 6 in Fighting
 11745 | Lair:1   | Received a gift from Okawaru
 11745 | Lair:1   | Reached skill level 4 in Invocations
 11750 | Lair:1   | Reached skill level 8 in Dodging
 12302 | Lair:2   | HP: 11/115 [komodo dragon (30)]
 12503 | Lair:2   | Found a staircase to the Swamp.
 12525 | Lair:2   | Reached skill level 5 in Invocations
 12650 | Lair:2   | Identified a scroll of acquirement
 12657 | Lair:2   | Found the +10 large shield of Ignorance {rN+ Int-4}
 12670 | Lair:2   | Reached skill level 1 in Shields
 12933 | Lair:2   | Reached skill level 2 in Shields
 12961 | Lair:2   | Reached skill level 3 in Shields
 13132 | Lair:2   | Reached skill level 4 in Shields
 13216 | Lair:2   | Noticed a seven-headed hydra
 13232 | Lair:2   | Killed a seven-headed hydra
 13244 | Lair:2   | Reached XP level 13. HP: 45/123 MP: 15/15
 13265 | Lair:2   | Reached skill level 5 in Shields
 13554 | Lair:2   | Received a gift from Okawaru
 13672 | Lair:2   | Reached skill level 6 in Shields
 13762 | Lair:2   | Got a crystal hand axe
 14223 | Lair:3   | Found a burning altar of Makhleb.
 14297 | Lair:3   | Found a labyrinth entrance.
 14310 | Lab      | Entered a labyrinth
 14662 | Lab      | Noticed a minotaur
 14669 | Lab      | Killed a minotaur
 14669 | Lab      | Reached skill level 7 in Shields
 14686 | Lab      | Found the +7 great mace "Undeadhunter" {disrupt, rN+}
 14686 | Lab      | Got an iridescent scimitar
 14688 | Lab      | Got an iridescent quarterstaff
 14712 | Lair:3   | Noticed Nergalle
 14735 | Lair:3   | Killed Nergalle
 14813 | Lair:3   | Found a dark tunnel.
 14818 | Volcano  | Entered a volcano
 14886 | Volcano  | Reached skill level 8 in Shields
 15788 | Lair:3   | Found a hole to the Spider Nest.
 15805 | Lair:3   | Reached ****** piety under Okawaru
 16299 | Lair:4   | Reached skill level 9 in Shields
 16839 | Lair:4   | HP: 28/123 [eight-headed hydra (10)]
 17431 | Lair:5   | Reached skill level 10 in Shields
 17449 | Lair:5   | Received a gift from Okawaru
 17499 | Lair:5   | Got an encrusted dagger
 17695 | Lair:5   | Reached XP level 14. HP: 123/131 MP: 16/16
 17789 | Lair:5   | Reached skill level 11 in Shields
 18622 | Lair:6   | Entered Level 6 of the Lair of Beasts
 18833 | Lair:6   | Reached skill level 1 in Evocations
 18861 | Lair:6   | Found a staircase to the Slime Pits.
 18861 | Lair:6   | Found a viscous altar of Jiyva.
 19013 | Lair:6   | Reached skill level 2 in Evocations
 19181 | Lair:6   | Reached skill level 3 in Evocations
 19251 | Lair:6   | Reached skill level 12 in Shields
 19339 | Lair:6   | Received a gift from Okawaru
 19897 | Lair:6   | Reached skill level 13 in Shields
 20524 | D:5      | Bought a scroll of immolation for 38 gold pieces
 20524 | D:5      | Bought a scroll of fog for 22 gold pieces
 20524 | D:5      | Bought a scroll of identify for 22 gold pieces
 21045 | D:11     | Identified the Grimoire of Ensnaring Sinister Secrets
 21310 | D:12     | Found a staircase to the Orcish Mines.
 22272 | D:13     | Reached XP level 15. HP: 139/139 MP: 17/17
 22492 | D:13     | Got a fine spear
 23531 | D:14     | Found a gate to the Vaults.
 23574 | D:14     | Reached skill level 14 in Shields
 23958 | D:14     | Found Muvue's Distillery.
 23961 | D:14     | Bought a potion of heal wounds for 95 gold pieces
 23961 | D:14     | Bought a potion of invisibility for 152 gold pieces
 23961 | D:14     | Bought a potion of curing for 57 gold pieces
 23961 | D:14     | Bought 2 potions of curing for 114 gold pieces
 23961 | D:14     | Bought 2 potions of might for 152 gold pieces
 23961 | D:14     | Bought 3 potions of curing for 171 gold pieces
 24015 | D:14     | Noticed Kirke
 24035 | D:14     | Killed Kirke
 24035 | D:14     | Received a gift from Okawaru
 24073 | D:14     | Got a transparent hat {god gift}
 24084 | D:14     | Identified the +0 hat "Ligaud" {rElec rF+ Dex+6} (Okawaru gifted it to you on level 14 of the Dungeon)
 24236 | D:14     | Noticed Josephine
 24245 | D:14     | Killed Josephine
 24297 | D:14     | Found Edwud's Armour Shop.
 24435 | D:14     | Found Yduf Ifo's Book Shop.
 24537 | D:14     | Found Mask's Assorted Antiques.
 24563 | D:14     | Bought a scroll of enchant armour for 240 gold pieces
 24951 | D:15     | Entered Level 15 of the Dungeon
 25024 | D:15     | HP: 28/139 [mirror damage (9)]
 25439 | D:15     | Reached skill level 15 in Shields
 25706 | D:15     | Reached skill level 1 in Armour
 25763 | D:15     | Found a staircase to the Depths.
 25773 | D:15     | Reached skill level 7 in Fighting
 26171 | Orc:1    | Entered Level 1 of the Orcish Mines
 26418 | Orc:2    | Entered Level 2 of the Orcish Mines
 26469 | Orc:2    | Reached skill level 16 in Unarmed Combat
 26479 | Orc:2    | Reached skill level 2 in Armour
 26533 | Orc:2    | Reached skill level 9 in Dodging
 26687 | Orc:2    | Found Gaevonn's General Store.
 26694 | Orc:2    | Received a gift from Okawaru
 26709 | Orc:2    | Found Zacsuf's General Store.
 26725 | Orc:2    | Found Cekias's Armour Boutique.
 26733 | Orc:2    | Found Urirraju's General Store.
 26733 | Orc:2    | Found a staircase to the Elven Halls.
 26743 | Orc:2    | Reached skill level 3 in Armour
 26743 | Orc:2    | Reached XP level 16. HP: 128/149 MP: 18/18
 26792 | Orc:2    | Bought a potion of heal wounds for 85 gold pieces
 26792 | Orc:2    | Bought a potion of heal wounds for 85 gold pieces
 26961 | Orc:2    | Bought a scroll of enchant armour for 82 gold pieces
 26961 | Orc:2    | Bought a potion of heal wounds for 55 gold pieces
 26961 | Orc:2    | Bought a scroll of blinking for 82 gold pieces
 28016 | Swamp:1  | Entered Level 1 of the Swamp
 28044 | Swamp:1  | Received a gift from Okawaru
 29035 | Swamp:2  | Found a transporter.
 29433 | Swamp:2  | Reached skill level 8 in Fighting
 29548 | Swamp:2  | Reached skill level 4 in Armour
 29587 | Swamp:2  | Found a transporter.
 29605 | Swamp:2  | Got a wavering tin amulet
 29607 | Swamp:2  | Identified the amulet of Kuon {Gourm +Fly rElec MR- Int+3 Dex+9} (You found it on level 2 of the Swamp)
 29621 | Swamp:2  | Got a pitted copper ring
 29622 | Swamp:2  | Identified the ring of the Sky {*Corrode rPois Str+6 Int-2 Stlth+} (You found it on level 2 of the Swamp)
 30041 | Swamp:3  | Reached skill level 6 in Invocations
 30557 | Swamp:3  | Identified the Collected Works on Flamy Dislocation
 30919 | Swamp:4  | Entered Level 4 of the Swamp
 30946 | Swamp:4  | Received a gift from Okawaru
 31135 | Swamp:4  | Reached skill level 5 in Armour
 31346 | Swamp:4  | Reached skill level 10 in Dodging
 31362 | Swamp:4  | HP: 32/153 [lindwurm/blast of flame (12)]
 31372 | Swamp:4  | HP: 31/153 [six-headed hydra (9)]
 31384 | Swamp:4  | HP: 35/153 [insubstantial wisp (1)]
 31389 | Swamp:4  | HP: 36/153 [insubstantial wisp/static electricity (2)]
 31716 | Swamp:4  | Reached skill level 7 in Invocations
 31849 | Swamp:4  | Noticed a tentacled monstrosity
 31869 | Swamp:4  | Killed a tentacled monstrosity
 31869 | Swamp:4  | Received a gift from Okawaru
 31957 | Swamp:4  | Reached XP level 17. HP: 161/161 MP: 21/21
 32117 | Swamp:4  | Got a decaying rune of Zot
 32527 | Spider:1 | Entered Level 1 of the Spider Nest
 32758 | Spider:1 | Reached skill level 9 in Fighting
 32811 | Spider:1 | Received a gift from Okawaru
 33077 | Spider:1 | Noticed Nikola
 33093 | Spider:1 | Killed Nikola
 33819 | Spider:2 | Reached skill level 17 in Unarmed Combat
 33837 | Spider:2 | Reached skill level 6 in Armour
 34883 | Spider:3 | Reached skill level 8 in Invocations
 35147 | Spider:3 | Reached skill level 7 in Armour
 35700 | Spider:3 | Lost intelligence.
 36140 | Spider:4 | Entered Level 4 of the Spider Nest
 36219 | Spider:4 | Received a gift from Okawaru
 36348 | Spider:4 | Reached skill level 8 in Armour
 36788 | Spider:4 | HP: 40/163 [poisoned by an emperor scorpion]
 36793 | Spider:4 | HP: 31/163 [poisoned by an emperor scorpion]
 36798 | Spider:4 | HP: 29/163 [poisoned by an emperor scorpion]
 36803 | Spider:4 | HP: 8/163 [disintegration (22)]
 36809 | Spider:4 | HP: 33/163 [poisoned by an emperor scorpion]
 36816 | Spider:4 | HP: 36/163 [poisoned by an emperor scorpion]
 36824 | Spider:4 | HP: 40/163 [poisoned by an emperor scorpion]
 37019 | Spider:4 | Reached skill level 9 in Invocations
 37339 | Spider:4 | Reached skill level 9 in Armour
 37552 | Spider:4 | Got a gossamer rune of Zot
 37740 | Spider:4 | Reached XP level 18. HP: 168/171 MP: 24/24
 38163 | Elf:1    | Entered Level 1 of the Elven Halls
 38601 | Elf:1    | Received a gift from Okawaru
 38629 | Elf:1    | Learned a level 8 spell: Controlled Blink
 38647 | Elf:1    | Found Zoock's Book Shop.
 38949 | Elf:1    | Bought a book of Minor Magic for 340 gold pieces
 38952 | Elf:1    | Learned a level 2 spell: Blink
 39193 | Elf:1    | Reached skill level 10 in Armour
 39197 | Elf:1    | Identified Raofetzu's Disquisition on Necromancy
 39355 | Elf:1    | Reached skill level 10 in Invocations
 39578 | Elf:2    | HP: 39/172 [deep elf mage/bolt of negative energy (12)]
 40445 | Elf:2    | Reached skill level 11 in Dodging
 40533 | Elf:2    | Found a runed gate.
 40533 | Elf:2    | Found a runed gate.
 40533 | Elf:2    | Found a runed gate.
 40820 | Elf:2    | Reached skill level 10 in Fighting
 41392 | Elf:3    | Entered Level 3 of the Elven Halls
 42229 | Elf:3    | Reached skill level 1 in Translocations
 42229 | Elf:3    | Reached XP level 19. HP: 178/182 MP: 18/25
 42239 | Elf:3    | Reached skill level 1 in Transmutations
 42370 | Elf:3    | Received a gift from Okawaru
 42464 | Elf:3    | Reached skill level 2 in Translocations
 42471 | Elf:3    | Gained mutation: You are clumsy. (Dex -2) [a neqoxec]
 42489 | Elf:3    | Reached skill level 2 in Transmutations
 42640 | Elf:3    | Got a brightly glowing battleaxe {chop}
 42698 | Elf:3    | Found the +3 hat of Pondering {ponderous, MR+ MP+10 Int+5}
 42706 | Elf:3    | Found the ring of the Octopus King
 42730 | Elf:3    | Found the +0 mask of the Dragon {MR+ Slay+3 SInv}
 42770 | Elf:3    | Got a faintly glowing ivory ring
 42813 | Elf:3    | Identified the Almanac of Air and Summoning
 42876 | Elf:3    | Identified the ring of Jealousy {Int+2 Stlth-} (You found it on level 3 of the Elven Halls)
 42883 | Elf:3    | Got a ring of the Octopus King
 42884 | Elf:3    | Identified a ring of the Octopus King {MP+9 AC+1 EV+1 Str+1 Int+1 Dex+1} (You found it on level 3 of the Elven Halls)
 43549 | Vaults:1 | Entered Level 1 of the Vaults
 43625 | Vaults:1 | Reached skill level 11 in Armour
 43666 | Vaults:1 | Received a gift from Okawaru
 43814 | Vaults:1 | Reached skill level 3 in Translocations
 43898 | Vaults:1 | Reached skill level 3 in Transmutations
 44432 | Vaults:1 | Reached skill level 18 in Unarmed Combat
 45090 | Vaults:1 | Lost intelligence.
 45133 | Vaults:1 | Reached skill level 4 in Translocations
 45201 | Vaults:1 | Got a colourful robe
 45224 | Vaults:1 | Found the ring of the Mage {Wiz MR++ Int+3}
 45356 | Vaults:1 | Lost mutation: You have a somewhat thin skeletal structure. (Dex +2, Stealth) [potion of mutation]
 45356 | Vaults:1 | Lost mutation: You are clumsy. (Dex -2) [potion of mutation]
 45356 | Vaults:1 | Lost mutation: Your spells are a little harder to cast, but a little more powerful. [potion of mutation]
 45356 | Vaults:1 | Lost mutation: You passively map a small area around you. [potion of mutation]
 45356 | Vaults:1 | Gained mutation: You have sharp toenails. [potion of mutation]
 45356 | Vaults:1 | Gained mutation: Scrolls take you a little longer to read. [potion of mutation]
 45356 | Vaults:1 | Gained mutation: You are partially covered in large bone plates. (SH +4) [potion of mutation]
 45367 | Vaults:1 | Lost mutation: You have sharp toenails. [potion of mutation]
 45367 | Vaults:1 | Lost mutation: Scrolls take you a little longer to read. [potion of mutation]
 45367 | Vaults:1 | Gained mutation: You are covered in thick fur. (AC +2) [potion of mutation]
 45367 | Vaults:1 | Gained mutation: Armour fits poorly on your strangely shaped body. [potion of mutation]
 45367 | Vaults:1 | Gained mutation: You tend to lose your temper in combat. [potion of mutation]
 45367 | Vaults:1 | Gained mutation: You are partially covered in rugged brown scales. (AC +1, +3% HP) [potion of mutation]
 45368 | Vaults:1 | Lost mutation: You tend to lose your temper in combat. [potion of mutation]
 45368 | Vaults:1 | Lost mutation: You are covered in thick fur. (AC +2) [potion of mutation]
 45368 | Vaults:1 | Lost mutation: You are partially covered in iridescent scales. (AC +2) [potion of mutation]
 45368 | Vaults:1 | Lost mutation: You are partially covered in rugged brown scales. (AC +1, +3% HP) [potion of mutation]
 45368 | Vaults:1 | Gained mutation: Potions are less effective at restoring your health. [potion of mutation]
 45368 | Vaults:1 | Gained mutation: Your muscles are strong. (Str +2) [potion of mutation]
 45369 | Vaults:1 | Lost mutation: Your muscles are strong. (Str +2) [potion of mutation]
 45369 | Vaults:1 | Lost mutation: Armour fits poorly on your strangely shaped body. [potion of mutation]
 45369 | Vaults:1 | Gained mutation: You occasionally shout uncontrollably at your foes. [potion of mutation]
 45369 | Vaults:1 | Gained mutation: You are surrounded by a mild repulsion field. (EV +2) [potion of mutation]
 45370 | Vaults:1 | Lost mutation: Potions are less effective at restoring your health. [potion of mutation]
 45370 | Vaults:1 | Lost mutation: You are surrounded by a mild repulsion field. (EV +2) [potion of mutation]
 45370 | Vaults:1 | Lost mutation: You are partially covered in large bone plates. (SH +4) [potion of mutation]
 45370 | Vaults:1 | Lost mutation: You occasionally shout uncontrollably at your foes. [potion of mutation]
 45370 | Vaults:1 | Gained mutation: You passively map a small area around you. [potion of mutation]
 45370 | Vaults:1 | Gained mutation: You have a pair of small horns on your head. [potion of mutation]
 45372 | Vaults:1 | Lost mutation: You passively map a small area around you. [potion of mutation]
 45372 | Vaults:1 | Lost mutation: You have a pair of small horns on your head. [potion of mutation]
 45372 | Vaults:1 | Gained mutation: Scrolls take you a little longer to read. [potion of mutation]
 45372 | Vaults:1 | Lost mutation: Scrolls take you a little longer to read. [potion of mutation]
 45372 | Vaults:1 | Gained mutation: You are weak. (Str -2) [potion of mutation]
 45372 | Vaults:1 | Gained mutation: You are partially covered in slimy green scales. (AC +2) [potion of mutation]
 45373 | Vaults:1 | Lost mutation: You are weak. (Str -2) [potion of mutation]
 45373 | Vaults:1 | Lost mutation: You are partially covered in slimy green scales. (AC +2) [potion of mutation]
 45373 | Vaults:1 | Gained mutation: Your flesh is heat resistant. (rF+) [potion of mutation]
 45373 | Vaults:1 | Gained mutation: Your spells are a little harder to cast, but a little more powerful. [potion of mutation]
 45379 | Vaults:1 | Lost mutation: Your flesh is heat resistant. (rF+) [potion of mutation]
 45379 | Vaults:1 | Lost mutation: Your spells are a little harder to cast, but a little more powerful. [potion of mutation]
 45379 | Vaults:1 | Gained mutation: You possess an exceptional clarity of mind. [potion of mutation]
 45379 | Vaults:1 | Gained mutation: You are partially covered in rugged brown scales. (AC +1, +3% HP) [potion of mutation]
 45379 | Vaults:1 | Gained mutation: Your mind is acute. (Int +2) [potion of mutation]
 45514 | Vaults:1 | Found Userres's Weapon Shop.
 45571 | Vaults:1 | Received a gift from Okawaru
 45576 | Vaults:1 | Reached XP level 20. HP: 192/198 MP: 26/26
 45584 | Vaults:1 | Reached skill level 11 in Fighting
 45762 | Vaults:1 | Reached skill level 4 in Transmutations
 45894 | Vaults:2 | Found Ixtaperauh's Gadget Shop.
 45898 | Vaults:2 | Reached skill level 12 in Dodging
 46396 | Vaults:2 | Found Ickud's Gadget Shop.
 47082 | Vaults:2 | Got a faintly glowing dire flail
 47137 | Vaults:2 | Found a staircase to the Crypt.
 47137 | Vaults:2 | Found an ancient bone altar of Kikubaaqudgha.
 47137 | Vaults:2 | Found a basalt altar of Yredelemnul.
 47242 | Vaults:2 | Received a gift from Okawaru
 47382 | Vaults:2 | Found Syapp's Jewellery Shop.
 47730 | Vaults:3 | Found Xolezoett's Magic Scroll Shoppe.
 47734 | Vaults:3 | Bought a scroll of fog for 26 gold pieces
 47734 | Vaults:3 | Bought a scroll of identify for 26 gold pieces
 47734 | Vaults:3 | Bought a scroll of enchant armour for 97 gold pieces
 47734 | Vaults:3 | Bought a scroll of identify for 26 gold pieces
 47734 | Vaults:3 | Bought a scroll of remove curse for 39 gold pieces
 47734 | Vaults:3 | Bought a scroll of teleportation for 39 gold pieces
 47734 | Vaults:3 | Bought a scroll of remove curse for 39 gold pieces
 47734 | Vaults:3 | Bought 3 scrolls of holy word for 292 gold pieces
 47850 | Vaults:3 | Found Qaah's Antique Armour Shop.
 47852 | Vaults:3 | Found Yshut's General Store.
 47989 | Vaults:3 | Bought a ration for 60 gold pieces
 48429 | Vaults:3 | Found an ancient bone altar of Kikubaaqudgha.
 48497 | Vaults:3 | Reached skill level 5 in Translocations
 48549 | Vaults:3 | Noticed Donald
 48565 | Vaults:3 | Killed Donald
 48680 | Vaults:3 | Found Koh Zize's Assorted Antiques.
 48690 | Vaults:3 | Bought 2 potions of curing for 132 gold pieces
 48690 | Vaults:3 | Bought a scroll of identify for 44 gold pieces
 49032 | Vaults:3 | Received a gift from Okawaru
 49145 | Vaults:3 | Reached skill level 5 in Transmutations
 49491 | Vaults:3 | Reached skill level 1 in Spellcasting
 49561 | Vaults:3 | Identified the +1 dire flail of Zyak {holy, rPois rF+} (You found it on level 2 of the Vaults)
 50509 | Vaults:4 | Received a gift from Okawaru
 51196 | Depths:1 | Entered Level 1 of the Depths
 51196 | Depths:1 | Found a gateway to Hell.
 51210 | Depths:1 | Reached skill level 12 in Armour
 51217 | Depths:1 | Reached skill level 2 in Spellcasting
 51590 | Vaults:2 | Bought the ring "Xetoikh" {+Fly rF+ rC+ MR+ Str-5} for 436 gold pieces
 51817 | Depths:1 | Reached XP level 21. HP: 165/211 MP: 27/27
 52273 | Depths:1 | Reached skill level 6 in Translocations
 52704 | Depths:1 | Found a deep blue altar of Sif Muna.
 52784 | Depths:1 | Got a vibrating diamond amulet
 52883 | Depths:1 | Identified Minaenn's Handbook of the Entourage
 53163 | Depths:2 | Received a gift from Okawaru
 53188 | Depths:2 | Reached skill level 6 in Transmutations
 53295 | Depths:2 | Got a translucent double sword {god gift}
 53296 | Depths:2 | Identified the +1 double sword of the Gloaming {slice, +Inv +Fly MR+} (Okawaru gifted it to you on level 2 of the Depths)
 53361 | Depths:2 | Found Rabae's Gadget Shoppe.
 53361 | Depths:2 | Found Hisih's Jewellery Shop.
 53362 | Depths:2 | Found Syapp's Gadget Shoppe.
 53495 | Depths:2 | Found a gateway to a ziggurat.
 53944 | Depths:2 | Found a runed gate.
 53944 | Depths:2 | Found a runed gate.
 53944 | Depths:2 | Found a runed gate.
 54064 | Depths:2 | Reached skill level 12 in Fighting
 54073 | Depths:2 | Reached skill level 3 in Spellcasting
 54095 | Depths:2 | Found a runed gate.
 54095 | Depths:2 | Found a runed gate.
 54095 | Depths:2 | Found a runed gate.
 54372 | Depths:2 | Paralysed by a floating eye for 2 turns
 54379 | Depths:2 | Paralysed by a floating eye for 4 turns
 54384 | Depths:2 | HP: 40/212 [flayed ghost/flay_damage (23)]
 54387 | Depths:2 | HP: 6/212 [spriggan berserker/spear of piercing (21)]
 54387 | Depths:2 | Slain by a spriggan berserker

Skill      XL: |  1  2  3  4  5  6  7  8  9 10 11 12 13 14 15 16 17 18 19 20 21 |
---------------+----------------------------------------------------------------+-----
Unarmed Combat | 4 6 8 9 11 13 14 15 16 17 18 | 18.8
Dodging        | 3 5 6 7 8 9 10 11 12 | 12.8
Fighting       | 3 5 6 7 8 9 10 11 12 | 12.0
Throwing       | 1 |  1.0
Invocations    | 3 5 7 9 10 | 10.6
Shields        | 4 10 13 15 | 15.0
Evocations     | 3 |  3.0
Armour         | 3 5 9 10 11 12 | 12.3
Translocations | 1 4 5 6 |  6.3
Transmutations | 3 5 6 |  6.1
Spellcasting   | 2 3 |  3.0
Stealth        | |  1.0

Action                   |  1- 3 |  4- 6 |  7- 9 | 10-12 | 13-15 | 16-18 | 19-21 || total
-------------------------+-------+-------+-------+-------+-------+-------+-------++-------
Melee: Unarmed           |   114 |   139 |   287 |   609 |  1581 |  1991 |  1553 ||  6274
       Punch             |       |     6 |    20 |    50 |       |       |       ||    76
       Kick              |       |       |       |     1 |       |       |       ||     1
       Demon trident     |       |       |       |    16 |   107 |   122 |       ||   245
Throw: Tomahawk          |       |       |       |    26 |    25 |       |       ||    51
       Large rock        |       |       |       |       |     1 |    18 |       ||    19
 Cast: Beastly Appendage |       |       |       |     1 |       |       |       ||     1
       Blink             |       |       |       |       |       |       |     1 ||     1
Invok: Heroism           |       |       |       |    12 |    16 |    13 |     4 ||    45
       Finesse           |       |       |       |       |     2 |     8 |     4 ||    14
  Use: Scroll            |       |     5 |    11 |    10 |    15 |    23 |    14 ||    78
       Potion            |       |       |     2 |       |     9 |    13 |    10 ||    34
 Stab: Distracted        |     1 |       |       |     2 |     1 |       |       ||     4
       Sleeping          |     1 |     1 |    11 |     3 |     7 |     2 |       ||    25
       Confused          |       |       |       |       |       |     1 |       ||     1
  Eat: Chunk             |    12 |    17 |    34 |    62 |    97 |    77 |    98 ||   397
       Ration            |       |     1 |       |       |     8 |    18 |     5 ||    32
Armor: Robe              |    48 |    58 |    60 |   143 |    20 |       |       ||   329
       Steam dragon scal |       |       |       |       |   283 |   247 |       ||   530
       Fire dragon scale |       |       |       |       |       |   398 |   104 ||   502
       Ice dragon scales |       |       |       |       |       |       |    51 ||    51
Dodge: Dodged            |    94 |   106 |   127 |   335 |   464 |   801 |   254 ||  2181
       Deflected         |       |       |       |       |       |    12 |     7 ||    19
Block: Large shield      |       |       |       |   131 |  2364 |  3482 |  1702 ||  7679
       Reflection        |       |       |       |       |    22 |    84 |   160 ||   266

Vault maps used:
D:1:      roderic_dead_forest, kennysheep_doodads, st_stairs_10,
          grunt_decor_arrowhead, minmay_misc_feat_columns, minmay_pentomino_o2
D:2:      nicolae_overflow_crystal_walls, minmay_misc_feat_nine_boxes,
          hangedman_glass_teeth, chequers_big_river, minivault_19,
          uniq_crazy_yiuf_cottage
D:3:      serial_bayou, serial_bayou_lagoon_a, serial_bayou_shore_a,
          serial_bayou_pond_c, serial_bayou_lagoon_b, serial_bayou_pond_e,
          serial_bayou_pond_e
D:4:      first_ration, minivault_11, uniq_eustachio
D:5:      minmay_temple_entry_fiery, serial_shops, nicolae_shop_waterfront,
          trog_three_pillars_becter, uniq_menkaure
D:6:      serial_co_window_serial, co_window_corner_a, co_window_cross_1,
          co_window_of_opportunity_a, co_window_paths_b, co_window_corner_a,
          co_window_of_opportunity_a, co_window_paths_b, co_window_broadway_a,
          co_window_unsneaky_path_b, co_window_broadway_c, co_window_2corner,
          co_window_unsneaky_path_b, co_window_paths_d
D:7:      minmay_the_grid_plus_closed, nicolae_overflow_hidden_temple,
          kennysheep_okawaru_gauntlet, nicolae_overflow_quartered_altars,
          enter_ossuary_4, guppyfry_shop_venom
D:8:      grunt_temple_overflow_order_and_chaos_1, elyvilon_altar_4,
          grunt_livestock, nemelex_dance_club_becter, uniq_maurice, uniq_grum,
          uniq_prince_ribbit1, uniq_psyche, uniq_erica
D:9:      lair_entry_dummy, st_stairs_1
D:11:     basic_altar, minmay_pinched_square
D:12:     zombieorc1_lemuel
D:14:     lightli_vaults_fourway_checkpoint, serial_shops, kennysheep_mini,
          shop_fountains, nicolae_shop_overgrown_old_shop, nicolae_shop_crystal,
          hangedman_abyss_or_decor_lesser_grid, hangedman_decor_peaks_small,
          uniq_josephine, uniq_kirke
D:15:     hangedman_depths_entry_try_elsewhere_first, minmay_misc_feat_square
Temple:   nicolae_temple_hex_pool
Lair:1:   grunt_megastairs_2, uniq_harold
Lair:2:   regret_index_bee_streams, swamp_mist_pool
Lair:3:   spider_nest_entry_funnel_web, basic_altar, lab_entry_generic,
          enter_volcano_4, kennysheep_rathole, uniq_nergalle
Lair:4:   beast_lair_carwin_8
Lair:5:   st_stairs_3
Lair:6:   minmay_lair_end_enchanted_forest, slime_altar_1,
          bh_autumn_forest_stairs
Swamp:1:  evilmike_swamp_ruin_house_2, swamp_pool3
Swamp:2:  gammafunk_its_a_trap, evilmike_swamp_ruin_house_3, swamp_pool3
Swamp:3:  evilmike_swamp_ruin_rubble_2
Swamp:4:  swamp_fiery, swamp_pool1
Spider:1: uniq_nikola
Spider:3: spider_temple_joshua
Spider:4: spider_rune_water
Orc:2:    st_orc_open, abandoned_shop, lightli_orcish_oven
Elf:1:    minmay_elf_arrival_plus, serial_shops, shop_statue,
          minmay_elf_necromancy, minmay_misc_feat_cross
Elf:2:    serial_co_window_serial, co_window_corner_a,
          co_window_of_opportunity_a, co_window_corner_a, co_window_paths_b,
          co_window_of_opportunity_a, co_window_paths_a, co_window_corner_a,
          co_window_of_opportunity_b, co_window_corner_b, glass_columns_c,
          glass_columns_a, glass_columns_b, glass_columns_b, glass_columns_a
Elf:3:    minmay_elf_hall_not_hex
Vaults:1: st_eye, nicolae_vaults_network_s, v_misc_5, v_misc_19,
          dpeg_vaults_monster_row, vaults_room_grid, vaults_room_large_hall,
          vaults_room_fours, serial_shops, shop
Vaults:2: minmay_crypt_entry_necro_gods, vaults_mumra_hexcomb,
          nicolae_vaults_specimen_jars, v_rooms_3, v_misc_8,
          nicolae_vaults_rhombus_6, hangedman_vaults_snaps, v_rooms_4,
          nicolae_vaults_little_squares_2, nicolae_vaults_mini_display_case,
          ontoclasm_vaults_gateway, grunt_vaults_diagonal,
          nicolae_vaults_shelves_hall, vaults_dpeg_diagonal, serial_shops, shop,
          shop_statue, nicolae_shop_stone
Vaults:3: v_misc_10, vaults_room_grid, v_misc_24, vaults_mumra_chevron,
          v_misc_4, ontoclasm_vaults_bender, ontoclasm_vaults_pinch,
          vaults_dpeg_cross, nicolae_vaults_shelves_hall, serial_shops, shop,
          shop, shop_coins, shop, basic_altar, uniq_donald
Vaults:4: nicolae_vaults_ninety_degrees, ontoclasm_vaults_misaligned,
          vaults_room_door_ring, dpeg_vaults_monster_box,
          nicolae_vaults_shelves_hall, hangedman_vaults_stream,
          hangedman_vaults_hat, v_misc_23, grunt_vaults_hallway_short,
          ontoclasm_vaults_shuriken, v_misc_25, hangedman_vaults_pinch
Depths:1: hell_entry, minmay_misc_feat_tower, hangedman_summoners_spam
Depths:2: kennysheep_treasure_stockpile, enter_ziggurat_a,
          pf_dread_powers_of_hell, eino_tiny_chamber, minmay_shop_grove,
          minmay_staircase_statues
Lab:      labyrinth_mini_lab, nicolae_lab_stuck, labyrinth_skeletal_remains
Ossuary:  ossuary_crypta
Volcano:  volcano_village

Table legend:
 A = Turns spent in this place as a percentage of turns spent in the entire game.
 B = Non-inter-level travel turns spent in this place as a percentage of non-inter-level travel turns spent in the entire game.
 C = Inter-level travel turns spent in this place as a percentage of turns spent in this place.
 D = Turns resting spent in this place as a percentage of non-inter-level travel turns spent in this place.
 E = Turns spent auto-exploring this place as a percentage of non-inter-level travel turns spent in this place.
 F = Non-inter-level travel turns spent in this place divided by the number of levels of this place that you've seen.
                   A       B       C       D       E      F
               +-------+-------+-------+-------+-------+----------------------
         Total | 100.0 | 100.0 |   5.3 |   6.8 |  39.1 | 1171.0
       Dungeon |  32.8 |  32.4 |   6.6 |   4.9 |  52.4 | 1112.2
        Temple |   0.0 |   0.0 |   0.0 |   0.0 |   0.0 |   2.0
          Lair |  15.3 |  15.3 |   5.3 |  11.2 |  46.0 | 1317.7
         Swamp |   8.2 |   8.3 |   4.4 |   8.7 |  47.7 | 1064.0
   Spider Nest |  10.0 |   9.7 |   7.9 |  10.5 |  37.4 | 1248.0
  Orcish Mines |   3.2 |   3.2 |   6.4 |   7.6 |  44.6 | 818.0
   Elven Halls |   9.3 |   9.7 |   1.5 |   9.9 |  17.6 | 1668.3
        Vaults |  14.4 |  14.3 |   5.5 |   2.2 |  18.3 | 1848.2
        Depths |   4.8 |   5.1 |   0.0 |   5.4 |  34.1 | 1303.5
     Labyrinth |   0.7 |   0.7 |   0.0 |   0.0 |   0.0 | 383.0
       Ossuary |   0.5 |   0.6 |   0.0 |   0.0 |   0.0 | 293.0
       Volcano |   0.7 |   0.7 |   0.0 |   0.0 |   2.7 | 368.0
               +-------+-------+-------+-------+-------+----------------------

Table legend:
 A = Kills in this place as a percentage of kills in entire the game.
 B = Kills by you in this place as a percentage of kills by you in the entire game.
 C = Kills by friends in this place as a percentage of kills by friends in the entire game.
 D = Other kills in this place as a percentage of other kills in the entire game.
 E = Experience gained in this place as a percentage of experience gained in the entire game.
 F = Experience gained in this place divided by the number of levels of this place that you have seen.
                   A       B       C       D       E      F
               +-------+-------+-------+-------+-------+----------------------
         Total | 100.0 | 100.0 |   N/A | 100.0 | 100.0 | 14568.7
       Dungeon |  30.1 |  30.6 |   N/A |   6.5 |  10.3 | 4402.3
          Lair |  16.4 |  16.7 |   N/A |   0.0 |  10.9 | 11642.0
         Swamp |   9.1 |   9.0 |   N/A |  12.9 |   9.6 | 15345.8
   Spider Nest |   9.8 |  10.0 |   N/A |   0.0 |  11.5 | 18413.0
  Orcish Mines |   4.1 |   4.2 |   N/A |   0.0 |   3.1 | 9855.5
   Elven Halls |   9.3 |   9.0 |   N/A |  25.8 |  19.2 | 41070.0
        Vaults |  14.8 |  14.4 |   N/A |  35.5 |  24.8 | 39772.8
        Depths |   5.2 |   5.0 |   N/A |  19.4 |   9.9 | 31808.5
     Labyrinth |   0.1 |   0.1 |   N/A |   0.0 |   0.2 | 1071.0
       Ossuary |   0.6 |   0.6 |   N/A |   0.0 |   0.0 |  50.0
       Volcano |   0.5 |   0.5 |   N/A |   0.0 |   0.5 | 3350.0
               +-------+-------+-------+-------+-------+----------------------
